 Dungeon Crawl Stone Soup version 0.30.1-4-g462c640d31 (webtiles) character file.

Game seed: 9871776253696181930

107 ChiefBigBeans the Shooter (level 4, -9/38 HPs)
             Began as a Minotaur Hunter on Sept 14, 2023.
             Mangled by a gnoll
             ... wielding a +0 halberd
              (13 damage)
             ... on level 3 of the Dungeon.
             The game lasted 00:03:25 (1493 turns).

ChiefBigBeans the Shooter (Minotaur Hunter)         Turns: 1493, Time: 00:03:26

Health: -9/38      AC:  7    Str: 16    XL:     4   Next: 56%
Magic:  4/4        EV: 11    Int:  6    God:
Gold:   145        SH:  0    Dex: 15    Spells: 5/5 levels left

rFire   . . .        a - +0 shortbow
rCold   . . .        (shield currently unavailable)
rNeg    . . .        o - +1 ring mail {Will+}
rPois   .            (helmet restricted)
rElec   .            (no cloak)
rCorr   .            (no gloves)
SInv    .            s - +0 pair of boots
Will    +....        (no amulet)
Stlth   +            (no ring)
HPRegen 0.26/turn    (no ring)
MPRegen 0.09/turn

%: no passive effects
@: no status effects
A: horns 2, retaliatory headbutt
a: no special abilities


You were on level 3 of the Dungeon.
You visited 1 branch of the dungeon, and saw 3 of its levels.

You collected 145 gold pieces.

Inventory:

Hand Weapons
 a - a +0 shortbow (weapon)
 l - a +3 short sword
Missiles
 e - 3 throwing nets
Armour
 c - a +1 leather armour
 o - a +1 ring mail of willpower (worn)
 s - a +0 pair of boots (worn)
Scrolls
 b - 3 scrolls of immolation
 g - a scroll of vulnerability {unknown}
 i - a scroll of teleportation
 k - 2 scrolls of poison
 n - 2 scrolls of identify
 r - a scroll of butterflies {unknown}
Potions
 d - 2 potions of lignification
 f - 2 potions of curing {unknown}
 h - a potion of heal wounds
 j - a potion of haste {unknown}
 m - a potion of degeneration {unknown}
 p - a potion of magic {unknown}
 q - 2 potions of flight


   Skills:
 + Level 3.5 Fighting
 + Level 5.1 Ranged Weapons
 + Level 2.3 Armour
 - Level 2.1 Dodging
 - Level 0.7 Stealth
 + Level 1.1 Spellcasting


You had 5 spell levels left.
You didn't know any spells.
Your spell library was empty.

Dungeon Overview and Level Annotations

Branches:
Dungeon (3/15)

Altars:

Shops:
D:1 [   D:2 [*   D:3 [


Innate Abilities, Weirdness & Mutations

You have a pair of horns on your head.
You reflexively headbutt those who attack you in melee.


Message History

You are too injured to fight recklessly!
Fire: a) +0 shortbow
Press: ? - help, Q - select action, (/) - cycle Shift-Dir - straight line, f/p - gnoll
Aim: a gnoll, wielding a +0 halberd (65% to hit)
You shoot an arrow. The arrow hits the gnoll.
The gnoll is lightly wounded.
The gnoll closely misses you.
Fire: a) +0 shortbow
Press: ? - help, Q - select action, (/) - cycle Shift-Dir - straight line, f/p - gnoll
Aim: a gnoll, wielding a +0 halberd (lightly wounded, 65% to hit)
You shoot an arrow. The arrow completely misses the gnoll.
The gnoll hits you from afar with a +0 halberd.
* * * LOW HITPOINT WARNING * * *
The gnoll closely misses you.
Unknown command.
Fire: a) +0 shortbow
Press: ? - help, Q - select action, (/) - cycle Shift-Dir - straight line, f/p - gnoll
Aim: a gnoll, wielding a +0 halberd (lightly wounded, 65% to hit)
You shoot an arrow. The arrow hits the gnoll.
The gnoll is heavily wounded.
The gnoll closely misses you.
Fire: a) +0 shortbow
Press: ? - help, Q - select action, (/) - cycle Shift-Dir - straight line, f/p - gnoll
Aim: a gnoll, wielding a +0 halberd (heavily wounded, 65% to hit)
You shoot an arrow. The arrow barely misses the gnoll.
The gnoll hits you but does no damage.
Fire: a) +0 shortbow
Press: ? - help, Q - select action, (/) - cycle Shift-Dir - straight line, f/p - gnoll
Aim: a gnoll, wielding a +0 halberd (heavily wounded, 65% to hit)
You shoot an arrow. The arrow hits the gnoll.
The gnoll is almost dead.
The gnoll barely misses you.
The gnoll hits you from afar with a +0 halberd.
* * * LOW HITPOINT WARNING * * *
Fire: a) +0 shortbow
Press: ? - help, Q - select action, (/) - cycle Shift-Dir - straight line, f/p - gnoll
Aim: a gnoll, wielding a +0 halberd (almost dead, 65% to hit)
You shoot an arrow. The arrow completely misses the gnoll.
The gnoll hits you from afar with a +0 halberd!
You die...

##..####### #####
.....)!@..## ##...#
.#.!.g.....#####....#
#.."#####.....#.#######
#..#...............###..
#. ##...#####..........#
# #..# ##......#'#. ..
######.#.## ###.##
+..∩..


You could see a gnoll.

Vanquished Creatures
  2 gnolls (D:3)
  4 adders (D:2)
  2 worms (D:2)
  3 endoplasms
  4 giant cockroaches
  A hobgoblin (D:1)
  2 quokkas
  6 ball pythons
  A bat (D:2)
  4 frilled lizards
  9 goblins
  8 kobolds
  A rat (D:2)
47 creatures vanquished.

Notes
Turn   | Place    | Note
-------+----------+-------------------------------------------
     0 | D:1      | ChiefBigBeans the Minotaur Hunter began the quest for the
                  | Orb.
     0 | D:1      | Reached XP level 1. HP: 18/18 MP: 0/0
    96 | D:1      | Found Dotedeupt's Antique Armour Emporium.
   211 | D:1      | Reached XP level 2. HP: 22/25 MP: 1/1
   248 | D:1      | Reached skill level 1 in Armour
   849 | D:2      | Found Anwirph's Assorted Antiques.
   881 | D:2      | Found Wolum's Armour Boutique.
   888 | D:2      | Reached XP level 3. HP: 31/31 MP: 2/2
  1070 | D:2      | Found a faded altar of an unknown god.
  1116 | D:2      | Reached skill level 1 in Spellcasting
  1116 | D:2      | Reached XP level 4. HP: 38/38 MP: 4/4
  1178 | D:2      | Reached skill level 5 in Ranged Weapons
  1446 | D:3      | Found Mufoiss's Armour Emporium.
  1493 | D:3      | Mangled by a gnoll

Illustrated notes

Levels and vault maps discovered:
D:1:      heliophobic_arrival_battle_scene, layout_basic, serial_shops, shop
D:2:      layout_basic, shapermc_ecumenical_altar_starsandcircs, serial_shops,
          shop, shop, minmay_pentomino_w4
D:3:      layout_rooms, serial_shops, nicolae_shop_hallway_plus,
          minmay_goblin_kobold_house

Skill      XL: |  1  2  3  4 |
---------------+-------------+-----
Armour         | 1 2 |  2.3
Fighting       | 3 |  3.5
Spellcasting   | 1 |  1.1
Ranged Weapons | 5 |  5.1
Dodging        | |  2.1
Stealth        | |  0.7

Action                     |  1- 3 |  4- 6 || total
---------------------------+-------+-------++-------
   Fire: Shortbow          |   100 |    29 ||   129
    Use: Scroll            |     6 |       ||     6
         Potion            |     1 |       ||     1
 Armour: Leather armour    |    10 |       ||    10
         Ring mail         |       |     6 ||     6
  Dodge: Dodged            |    33 |     9 ||    42
